[Event "*** Titled Tuesday Blitz"]
[Site "Chess.com"]
[Date "2020.12.29"]
[Round "6"]
[White "The_filthy"]
[Black "KononenkoD"]
[Result "0-1"]
[WhiteElo "2295"]
[BlackElo "2456"]
[TimeControl "180+1"]
[EndTime "11:06:35 PST"]
[Termination "KononenkoD won by resignation"]

1. e4 c6 2. Nf3 d5 3. Nc3 Bg4 4. h3 Bxf3 5. Qxf3 e6 6. d4 Nf6 7.
e5 Nfd7 8. Bf4 c5 9. dxc5 Nc6 10. Qg3 Qa5 11. O-O-O Nxc5 12. Kb1 a6 13. Bd3 Nb4 14. a3 Nc6 15. Na2 Na4 16. Ka1 Nxb2 17. Kxb2 Bxa3+ 18. Ka1 Nb4 19. Bd2 Bb2+ 20. Kxb2 Qxa2+ 21. Kc3 Rc8+ 22.
Kd4 Nxc2+ 23. Bxc2 Rxc2 24. Ke3 Qc4 25. Qf4 Qb3+ 26. Ke2 O-O 27. Qe3 Qa4 28. Rc1 Rfc8 29. Rxc2 Rxc2 30. Rd1 h6 31. Qd3 Rc4 32. Rc1 Rxc1 33.
Bxc1 b5 34. Bd2 b4 35. Qd4 a5 36. Qc5 Qa1 37. Qc8+ Kh7 38. Qc7 Kg6 39. g4 b3 40.
h4 b2 41. h5+ Kh7 42. Bc3 b1=Q 43. Bxa1 Qxa1 44. Qxf7 Qxe5+ 45. Kd3 Qe4+ 46. Kd2 Qxg4 0-1

[Event "*** Titled Tuesday Blitz"]
[Site "Chess.com"]
[Date "2020.12.29"]
[Round "6"]
[White "Margarita2907"]
[Black "Sergienko_Sergey"]
[Result "1-0"]
[WhiteElo "2199"]
[BlackElo "2292"]
[TimeControl "180+1"]
[EndTime "11:06:35 PST"]
[Termination "Margarita2907 won on time"]

1. e4 c5 2. Nf3 a6 3. d4 cxd4 4. Nxd4 Nf6 5. Nc3 e5 6. Nb3 Bb4 7. Bd3 d6 8. Bd2 O-O 9. Qe2 Nbd7 10. O-O-O b5 11. g4 Bb7 12. g5 Ne8 13. h4 Rc8 14. Kb1 Nc5 15. Nd5 Bxd2 16. Qxd2 Bxd5 17. exd5 Nxd3 18. Qxd3 Qb6 19. Rdf1 a5 20. f4 Rc4 21. f5 a4 22. Nd2 Rd4 23. Qe3 Qc5 24. f6 Rxd5 25.
Qe2 a3 26. Ne4 Qb4 27. c3 Qxb2+ 28. Qxb2 axb2 29. Kxb2 Nc7 30. fxg7 Kxg7 31. Nf6 Rd2+ 32. Kb3 Ne6 33. c4 bxc4+ 34. Kc3 Rxa2 35. h5 Nxg5 36. h6+ Kh8 37. Nh5 Ne4+ 38. Kxc4 Ra4+ 39. Kb5 Nc3+ 40. Kc6 d5 41. Nf6 1-0

[Event "*** Titled Tuesday Blitz"]
[Site "Chess.com"]
[Date "2020.12.29"]
[Round "6"]
[White "Borsuk_Konstantin"]
[Black "Sviridov_Valery"]
[Result "1-0"]
[WhiteElo "2663"]
[BlackElo "2835"]
[TimeControl "180+1"]
[EndTime "11:06:36 PST"]
[Termination "Borsuk_Konstantin won on time"]

1. d4 g6 2. c4 Bg7 3. Nc3 d6 4. e4 e5 5. d5 f5 6. exf5 gxf5 7.
Qh5+ Kf8 8. f4 Nf6 9. Qd1 e4 10. Be2 Na6 11. Nh3 Nc5 12. Nf2 a5 13. Be3 Qe7 14.
Qd2 Bd7 15. g3 h5 16. h3 a4 17. Kd1 Kf7 18. Kc2 Rae8 19. Rae1 c6 20. Kb1 cxd5 21.
cxd5 Rc8 22. Rhg1 a3 23. g4 hxg4 24. hxg4 axb2 25. gxf5 Bxf5 26. Rg5 Bh7 27. Reg1 Rhg8 28. Nh3 Nd3 29. R5g3 Kf8 30. Rxg7 Rxg7 31. Ng5 Bf5 32.
Bxd3 exd3 33. Bd4 Rg6 34. Qh2 Ke8 35. Kxb2 Kd7 36. Qd2 Ne4 37. Ngxe4 Bxe4 38. Rg5 Rxg5 39. fxg5 b5 40. Qf4 Bg6 41. Bf6 Qe8 42. Qb4 Kc7 43. Qa5+ Kb7 44. Nxb5 Rc2+ 45. Kb3 Rc5 46. Nxd6+ 1-0

[Event "*** Titled Tuesday Blitz"]
[Site "Chess.com"]
[Date "2020.12.29"]
[Round "6"]
[White "SARGISMV"]
[Black "ChronicUnhappiness"]
[Result "1-0"]
[WhiteElo "2468"]
[BlackElo "2329"]
[TimeControl "180+1"]
[EndTime "11:06:36 PST"]
[Termination "SARGISMV won on time"]

1. Nf3 Nf6 2. c4 c5 3. Nc3 e6 4.
g3 b6 5. Bg2 Bb7 6. O-O Be7 7.
Re1 Ne4 8. Nxe4 Bxe4 9. d3 Bb7 10. e4 O-O 11. d4 cxd4 12. Nxd4 Nc6 13. Be3 Nxd4 14.
Bxd4 Bc5 15. Bxc5 bxc5 16. Qd6 Qb6 17. Qxd7 Rfd8 18. Qb5 Rd2 19. b3 Rad8 20. Bf3 e5 21. Kg2 f6 22. a4 Qc7 23. a5 Kf7 24. a6 Ba8 25. Qa5 Qd6 26. Re3 Qd4 27. Rae1 Qd6 28.
R1e2 Rxe2 29. Rxe2 Bc6 30. Re1 Qe7 31. h4 Rd4 32.
Bh5+ g6 33. Bf3 f5 34. exf5 Bxf3+ 35. Kxf3 gxf5 36. Qb5 e4+ 37. Kg2 Rd3 38. Re3 Rd2 39. Qb7 Ke6 40. Qxe7+ Kxe7 41. g4 1-0

[Event "*** Titled Tuesday Blitz"]
[Site "Chess.com"]
[Date "2020.12.29"]
[Round "6"]
[White "MatyChess1"]
[Black "Beca95"]
[Result "0-1"]
[WhiteElo "2536"]
[BlackElo "2821"]
[TimeControl "180+1"]
[EndTime "11:06:37 PST"]
[Termination "Beca95 won by checkmate"]

1. e4 e5 2. Nf3 Nc6 3. Bc4 Nf6 4. d3 h6 5. Nc3 d6 6. d4 exd4 7. Nxd4 g6 8. Nxc6 bxc6 9. e5 Qe7 10. O-O dxe5 11.
Re1 Bg7 12. Qf3 O-O 13. Qxc6 Bf5 14. Bb3 e4 15. Be3 Qe5 16. h3 g5 17. Rad1 Rfd8 18. Rxd8+ Rxd8 19. Bxa7 g4 20. Qc5 Qxc5 21. Bxc5 gxh3 22.
gxh3 Bxh3 23. a4 Bf5 24. a5 Nd7 25. Be3 Ne5 26. Ra1 Nf3+ 27. Kg2 Rd6 28. Ne2 Bc8 29. Ng3 Bb7 30. a6 Rxa6 31. Rxa6 Bxa6 32. Nxe4 Ne5 33. Nc5 Bc8 34. c3 h5 35. f4 Ng4 36. Bg1 Bf5 37.
Bc4 Bf8 38. Nd3 Bd6 39. Kg3 Kg7 40. Kh4 Kg6 41. Kg3 f6 42. Kh4 Be4 43. Kg3 Nh6 44. Nf2 Nf5+ 45. Kh3 Bc2 46. Bh2 Bc5 47. Nh1 Bd1 48. Ng3 Bg4+ 49. Kg2 Ne3+ 50. Kh1 Nxc4 51. Ne4 Bf3# 0-1

[Event "*** Titled Tuesday Blitz"]
[Site "Chess.com"]
[Date "2020.12.29"]
[Round "6"]
[White "esskeettit"]
[Black "olksuna"]
[Result "0-1"]
[WhiteElo "2472"]
[BlackElo "2642"]
[TimeControl "180+1"]
[EndTime "11:06:38 PST"]
[Termination "olksuna won on time"]

1. d4 d5 2. c4 e6 3. Nc3 Nf6 4. cxd5 exd5 5. Bg5 c6 6. e3 h6 7. Bh4 Bf5 8. Qf3 Be6 9. Bxf6 Qxf6 10. Qxf6 gxf6 11.
Bd3 a5 12. Nge2 a4 13. a3 Bd6 14. g3 Nd7 15. f3 h5 16. Kf2 f5 17. h4 Ke7 18. Rhg1 Nb6 19. Nf4 Kf6 20. Nce2 Nc8 21. Rac1 Ra5 22. Rgf1 Ne7 23. Kg2 Kg7 24. Bc2 Ng6 25.
Kf2 b6 26. Nc3 Bxf4 27. gxf4 Nxh4 28. Nxa4 c5 29. dxc5 bxc5 30. b4 cxb4 31. axb4 Rb5 32. Rb1 Rhb8 33. Rh1 Ng6 34. Rxh5 Rxb4 35. Rxb4 Rxb4 36.
Ke2 Rxf4 37. Nc3 d4 38. exd4 Rxd4 39. Ke3 Rc4 40. Kd2 Kf6 41. Rh1 Nf4 42. Rh6+ Kg5 43.
Rh1 Rc8 44. Rg1+ Kf6 45. Bd1 Rd8+ 46. Ke3 Nh3 47. Rg3 f4+ 48. Ke4 fxg3 0-1

[Event "*** Titled Tuesday Blitz"]
[Site "Chess.com"]
[Date "2020.12.29"]
[Round "6"]
[White "Nara_Kh"]
[Black "ChessyInstinct"]
[Result "0-1"]
[WhiteElo "2350"]
[BlackElo "2506"]
[TimeControl "180+1"]
[EndTime "11:06:38 PST"]
[Termination "ChessyInstinct won by resignation"]

1. e4 e5 2. Nf3 Nc6 3. Bb5 a6 4. Ba4 Nf6 5. O-O Be7 6. d3 b5 7.
Bb3 O-O 8. h3 Bb7 9. a4 d5 10.
exd5 Nxd5 11. Re1 Bb4 12. c3 Bc5 13. Nbd2 Nf4 14. d4 Bb6 15. Ne4 Ng6 16. Bg5 Qc8 17. dxe5 Ncxe5 18. Nxe5 Nxe5 19. Ng3 Nc4 20. Qh5 Qd7 21.
Ne4 Qf5 22. g4 Bxf2+ 23. Nxf2 Qf3 24. Kf1 Rae8 25. Rxe8 Rxe8 26. Be7 Qe3 27. Qc5 Qf3 28. Qxc7 Ne3+ 29. Ke1 Ng2+ 30. Kd2 Qxf2+ 31. Kd3 Qf3+ 32. Kd4 Be4 33. Kc5 Qe3+ 34. Kb4 a5+ 35. Kxa5 Ra8+ 36. Kb4 bxa4 37. Bc5 Qd3 38. Bxa4 Qd5 39. Bb6 Nf4 40.
c4 Nd3+ 41. Kb3 Qe6 42. Qc5 Nxc5+ 43. Bxc5 Rb8+ 44. Kc3 Qf6+ 45. Bd4 Qf3+ 46. Kd2 Qd3+ 47. Ke1 Qxd4 0-1

[Event "*** Titled Tuesday Blitz"]
[Site "Chess.com"]
[Date "2020.12.29"]
[Round "6"]
[White "Galileo22"]
[Black "NateSolon"]
[Result "0-1"]
[WhiteElo "2341"]
[BlackElo "2498"]
[TimeControl "180+1"]
[EndTime "11:06:38 PST"]
[Termination "NateSolon won by checkmate"]

1. d4 Nf6 2. Bg5 d5 3. Nd2 c5 4.
e3 Nc6 5. c3 Qb6 6. Qb3 c4 7.
Qxb6 axb6 8. a3 b5 9. Rd1 Bf5 10.
Ngf3 e6 11. Bxf6 gxf6 12. Nh4 Bg6 13. g3 Bd6 14. Be2 Kd7 15. Bf3 Bd3 16. Be2 Bxe2 17. Kxe2 f5 18. f4 Ne7 19. Ndf3 f6 20. Rdg1 Rhg8 21.
Rg2 Nc8 22. Kd2 Nb6 23. Kc2 Bxa3 24. bxa3 Rxa3 25. Rc1 Na4 26. Kd2 Kc6 27. Rc2 b4 28. cxb4 Rd3+ 29. Ke2 Nc3+ 30. Kf2 Nd1+ 31. Ke2 Nxe3 32.
b5+ Kb6 33. Rd2 Nxg2 34. Nxg2 Rxd2+ 35. Kxd2 Ra8 36. Ne3 Ra2+ 37. Nc2 Kxb5 38. Kc3 Ka4 39. h3 b5 40. Nfe1 b4+ 41. Nxb4 Ra3+ 42. Kb2 Rb3+ 43. Kc2 Kxb4 44. g4 Rxh3 45. gxf5 exf5 46. Kd2 Rh2+ 47. Ke3 c3 48. Nd3+ Kc4 49. Nc1 c2 50. Nd3 Kc3 51.
Nc1 Rh1 52. Ne2+ Kb2 53. Kf3 Rf1+ 54. Kg2 Re1 55. Ng3 c1=Q 56. Nxf5 Qd2+ 57. Kf3 Qd3+ 58. Kg4 Rg1+ 59. Kh4 Rh1+ 60. Kg4 h5# 0-1

[Event "*** Titled Tuesday Blitz"]
[Site "Chess.com"]
[Date "2020.12.29"]
[Round "6"]
[White "bogcsab"]
[Black "Piacramling"]
[Result "1-0"]
[WhiteElo "2084"]
[BlackElo "2254"]
[TimeControl "180+1"]
[EndTime "11:06:39 PST"]
[Termination "bogcsab won on time"]

1. d4 Nf6 2. c4 c5 3. d5 b5 4. Qc2 bxc4 5. e4 d6 6. Nf3 g6 7. Be2 Bg7 8. Nfd2 Ba6 9. Nxc4 Bxc4 10. Bxc4 O-O 11. O-O Nbd7 12. f4 Nb6 13. Be2 e6 14. dxe6 fxe6 15. Be3 Rc8 16. Nc3 Qe7 17. Rad1 d5 18.
e5 Nfd7 19. Nb5 d4 20. Bc1 Nd5 21. Nd6 Rb8 22. a3 Kh8 23. Rf3 Rb6 24. Rdf1 Rxd6 25. exd6 Qxd6 26. Bd3 Ne7 27. Rh3 Kg8 28. g4 Nf6 29. f5 exf5 30. gxf5 Ng4 31. fxg6 Rxf1+ 32. Bxf1 Nxg6 33. Bc4+ Kf8 34. Qg2 Nf6 35. Rf3 Ke7 36. Bg5 Ke8 37. Qe2+ Qe7 38. Qf2 Ne5 39. Rxf6 Nxc4 40.
Rf5 Qe6 41. Qf3 Nd6 42. Qh5+ Qg6 43. Qxg6+ hxg6 44. Rxc5 Ne4 45. Ra5 1-0

[Event "*** Titled Tuesday Blitz"]
[Site "Chess.com"]
[Date "2020.12.29"]
[Round "6"]
[White "Salem-AR"]
[Black "Rozum_Ivan"]
[Result "1-0"]
[WhiteElo "2931"]
[BlackElo "2738"]
[TimeControl "180+1"]
[EndTime "11:06:40 PST"]
[Termination "Salem-AR won by resignation"]

1. e4 e5 2. Nf3 Nc6 3. Bc4 Be7 4. O-O Nf6 5. d3 O-O 6. Re1 d6 7. a4 a5 8. Nbd2 Be6 9. Nf1 Re8 10. Bxe6 fxe6 11.
c3 h6 12. Ng3 Qd7 13. Qb3 Rf8 14. d4 exd4 15. cxd4 Nb4 16. Bd2 d5 17. e5 Nh7 18.
Rac1 b6 19. Bxb4 axb4 20. Qc2 c5 21. Qg6 Rf7 22. b3 Nf8 23. Qg4 Rc8 24. dxc5 bxc5 25. Nh5 Kh8 26. Red1 Bd8 27. h4 Qe7 28. Nf4 Rb8 29.
Nd3 Bb6 30. Rc2 Rc8 31. Nf4 Rd8 32. h5 Qe8 33. Nh4 Rfd7 34. g3 Kg8 35. Kg2 Qf7 36. Nhg6 Nxg6 37. hxg6 Qf5 38. Qxf5 exf5 39. e6 Re7 40.
Rxd5 Rxd5 41. Nxd5 Rxe6 42. Nxb6 Rxb6 43. Rxc5 Rxg6 44.
Rxf5 Rd6 45. Rb5 Rd4 46. a5 Kh7 47. a6 Rd6 48. Ra5 Rd8 49. a7 Ra8 50. Kf3 Kg6 51. Ke4 Kf6 52. Kd5 Ke7 53. Kc6 1-0

[Event "*** Titled Tuesday Blitz"]
[Site "Chess.com"]
[Date "2020.12.29"]
[Round "6"]
[White "andriipalchuk"]
[Black "vugarrasulov"]
[Result "0-1"]
[WhiteElo "2499"]
[BlackElo "2791"]
[TimeControl "180+1"]
[EndTime "11:06:40 PST"]
[Termination "vugarrasulov won by resignation"]

1. e4 Nf6 2. e5 Nd5 3. Nf3 d6 4. d4 g6 5. Be2 Bg7 6. O-O O-O 7. c4 Nb6 8. Nc3 Bg4 9. exd6 cxd6 10. b3 Nc6 11.
Be3 d5 12. c5 Nc8 13. Rb1 e6 14. b4 a6 15. a4 a5 16. b5 Nb4 17. Nd2 Bxe2 18.
Qxe2 Ne7 19. Nb3 Nf5 20. Rfd1 Qh4 21. g3 Qh3 22. Nxa5 Rxa5 23. Rxb4 h5 24. Bf4 Rc8 25. Qf1 Qxf1+ 26. Kxf1 Nxd4 27. Rbxd4 Rxc5 28. Nxd5 Bxd4 29. Ne7+ Kg7 30. Rxd4 e5 31. Be3 Rc7 32. Nd5 Rd7 33.
Rd2 Rxa4 34. Nb6 Ra1+ 35. Ke2 Rxd2+ 36. Bxd2 Rb1 37. Nc4 Rxb5 38. Bc3 f6 39. f4 exf4 40. gxf4 Rb1 41. Kd3 b5 42. Na3 Rd1+ 43. Ke2 Rh1 44. Nxb5 Rxh2+ 45. Kf3 Kf7 46. Bd4 Rh3+ 47. Kg2 Rd3 48.
Bf2 Ke6 49. Nd4+ Kd5 50. Ne2 Ke4 51. Kf1 Kf3 52. Ke1 Rd7 53. Kf1 Rd1+ 54. Be1 h4 55. Ng1+ Kxf4 56. Ke2 Rb1 57. Nh3+ Kf5 58. Bxh4 Rh1 59.
Bxf6 0-1

[Event "*** Titled Tuesday Blitz"]
[Site "Chess.com"]
[Date "2020.12.29"]
[Round "6"]
[White "BulletMercenary"]
[Black "HeadShotRomanTest"]
[Result "1-0"]
[WhiteElo "2349"]
[BlackElo "2179"]
[TimeControl "180+1"]
[EndTime "11:06:40 PST"]
[Termination "BulletMercenary won by resignation"]

1. e4 c5 2. d4 cxd4 3. c3 dxc3 4. Nxc3 Nc6 5. Nf3 e6 6. Bc4 a6 7. O-O Nge7 8. Qe2 d6 9. Rd1 Qc7 10. Bf4 Ng6 11. Bg3 Be7 12. Rac1 O-O 13. a4 Bd7 14. h4 h6 15. h5 Nge5 16. Ba2 Qa5 17. Nxe5 Nxe5 18. b4 Qd8 19. f4 Nc6 20. b5 axb5 21.
axb5 Na5 22. f5 Rc8 23. Qg4 exf5 24. exf5 Bg5 25. Rc2 Bxb5 26. Rxd6 Qe7 27. f6 gxf6 28. Nd5 Qxd6 29. Bxd6 Rxc2 30. Nxf6+ Kg7 31. Bxf8+ Kxf8 32. Nh7+ Kg7 33. Nxg5 Rxa2 34. Ne4+ Kf8 35. Qc8+ Kg7 36. Qc3+ Kf8 37. Qb4+ Kg8 38. Qxb5 Ra1+ 39. Kh2 Nc6 40. Qxb7 Ne5 41. Qb8+ Kg7 42. Qxe5+ Kf8 43. Qxa1 Ke7 44. Qf6+ Kd7 45. Qxh6 Kc7 46. Qf6 Kb7 47. Qxf7+ Kc6 48. Qf5 Kb6 49. g4 Kc6 50. g5 Kb6 51. g6 Kc6 52. h6 Kb6 53. h7 Kc6 54. g7 Kb6 55. g8=N Kc6 56. h8=N Kb6 57. Ng6 Kc6 58. Nh6 Kb6 59. Ng4 Kc7 60. Qc5+ Kb7 61. Nf4 Kb8 62. Kg3 Kb7 63. Kh4 Kb8 64. Kg5 Kb7 65. Kf5 Kb8 66. Ke5 Kb7 67. Kd6 Kb8 68. Ne5 Kb7 69. Nd5 Kb8 70. Kc6 1-0

[Event "*** Titled Tuesday Blitz"]
[Site "Chess.com"]
[Date "2020.12.29"]
[Round "6"]
[White "Martins-BR"]
[Black "Klavdia_Nik"]
[Result "1-0"]
[WhiteElo "2275"]
[BlackElo "2064"]
[TimeControl "180+1"]
[EndTime "11:06:40 PST"]
[Termination "Martins-BR won by checkmate"]

1. e4 g6 2. d4 Bg7 3. Nf3 d6 4. Bc4 c6 5. Bb3 Nf6 6. Qe2 O-O 7. O-O a5 8. a4 Qc7 9. e5 Nd5 10. Re1 Bg4 11. exd6 Qxd6 12. c3 e6 13. h3 Bxf3 14.
Qxf3 Nd7 15. Nd2 N7f6 16. Nc4 Qc7 17. Ne5 Nd7 18. Ng4 h5 19. Ne3 Nxe3 20. fxe3 e5 21. Qg3 Rae8 22. Rf1 Qb6 23. Bc2 c5 24. d5 e4 25. Rb1 c4 26. Rd1 Nc5 27. Qf2 Nd3 28.
Bxd3 cxd3 29. Bd2 Qc5 30. b3 Qxd5 31. c4 Qd8 32. Qe1 b6 33. Bc3 Bh6 34. Bd4 Qc7 35. Rbc1 Re6 36. c5 bxc5 37. Rxc5 Qb7 38. Rb5 Qd7 39.
Qxa5 Rc8 40. Rd5 Qb7 41. Rd8+ Rxd8 42. Qxd8+ Kh7 43. Qh8# 1-0

[Event "*** Titled Tuesday Blitz"]
[Site "Chess.com"]
[Date "2020.12.29"]
[Round "6"]
[White "horripile"]
[Black "StellarChessPro"]
[Result "1-0"]
[WhiteElo "2682"]
[BlackElo "2491"]
[TimeControl "180+1"]
[EndTime "11:06:41 PST"]
[Termination "horripile won by checkmate"]

1. c4 b6 2. g3 Bb7 3. Nf3 e6 4. Bg2 Nf6 5. O-O Be7 6. Nc3 O-O 7. d4 d6 8. Re1 Ne4 9. Qc2 Nxc3 10. bxc3 f5 11.
e4 Bxe4 12. Rxe4 fxe4 13. Qxe4 Nd7 14. Qxe6+ Kh8 15. h4 Rb8 16. Bf4 Bf6 17. Bh3 Nc5 18. dxc5 bxc5 19. Ng5 Bxc3 20. Rd1 Qf6 21. Qxf6 Bxf6 22.
Ne6 Rf7 23. Kg2 h6 24. h5 Rb2 25. a3 Rb3 26. Be3 Re7 27. Bf5 a5 28. Nf4 Re8 29.
Ng6+ Kg8 30. Bd7 Reb8 31. a4 Rb1 32. Be6+ Kh7 33. Nf8+ Kh8 34. Ng6+ Kh7 35. Rd5 R1b4 36. Bd7 Rxc4 37. Nf4 Rcb4 38. Ne6 c4 39. Nxc7 c3 40.
Bf5+ Kh8 41. Na6 Re8 42. Nxb4 axb4 43. Rb5 d5 44. Rxb4 Rd8 45. Bd4 Bxd4 46. Rxd4 c2 47. Bxc2 Kg8 48. Rxd5 g6 49. Rxd8+ Kg7 50. Rd7+ Kf6 51.
hxg6 h5 52. g7 h4 53. g8=Q h3+ 54. Kf3 h2 55. Kf4 h1=Q 56. Qg7+ Ke6 57. Qe7# 1-0

[Event "*** Titled Tuesday Blitz"]
[Site "Chess.com"]
[Date "2020.12.29"]
[Round "6"]
[White "Vesper2018"]
[Black "ZverevLev"]
[Result "1-0"]
[WhiteElo "2623"]
[BlackElo "2385"]
[TimeControl "180+1"]
[EndTime "11:06:41 PST"]
[Termination "Vesper2018 won by resignation"]

1. e4 c5 2. Nc3 d6 3. Nge2 Nf6 4. d4 cxd4 5. Nxd4 a6 6. h3 e5 7. Nde2 Be6 8. g4 d5 9. exd5 Nxd5 10. Bg2 Nxc3 11.
Qxd8+ Kxd8 12. Nxc3 Nc6 13. Be3 f6 14. O-O-O+ Kc7 15. Bd5 Re8 16. Bxe6 Rxe6 17. f4 exf4 18. Bxf4+ Bd6 19.
Rxd6 Rxd6 20. Nd5+ Kd7 21. Nb6+ Kc7 22. Nc4 Ne5 23.
Nxe5 fxe5 24. Bxe5 Re8 25. Bxd6+ Kxd6 26. Kd2 Re5 27.
Re1 Rd5+ 28. Ke3 Re5+ 29. Kf2 Rc5 30. c3 Rb5 31. Re2 h5 32. Kg3 hxg4 33. hxg4 a5 34. b3 Rc5 35. Re3 b5 36. Kh4 a4 37. bxa4 bxa4 38.
Re4 Rxc3 39. Rxa4 Ke7 40. Kg5 Kf7 41. Ra7+ Kg8 42. a4 Rc5+ 43. Kf4 Rc4+ 44. Kg3 Rc3+ 45. Kh4 Rc4 46. a5 Rc5 47. a6 Rc6 48. Kg5 Rc5+ 49.
Kf4 Rc4+ 50. Kf5 Rc5+ 51. Ke6 Kh7 52. Rd7 Ra5 53. a7 Kg6 54. Kd6 Kf6 55. Kc6 g5 56.
Kb6 Ra1 57. Rd5 1-0

[Event "*** Titled Tuesday Blitz"]
[Site "Chess.com"]
[Date "2020.12.29"]
[Round "6"]
[White "Deepweb2020"]
[Black "KaterinaMiroshnik"]
[Result "0-1"]
[WhiteElo "2361"]
[BlackElo "2537"]
[TimeControl "180+1"]
[EndTime "11:06:41 PST"]
[Termination "KaterinaMiroshnik won by resignation"]

1. d4 d6 2. e4 g6 3. Nc3 Bg7 4. Bf4 Nd7 5. Qd2 h5 6. f3 Bh6 7.
O-O-O Bxf4 8. Qxf4 e5 9. dxe5 dxe5 10. Qe3 Ngf6 11. Bc4 O-O 12. Qh6 Qe7 13. Qxg6+ Kh8 14. Qh6+ Nh7 15. Nh3 Nb6 16. Bb3 Bxh3 17. gxh3 Qg5+ 18. Qxg5 Nxg5 19. Rhg1 Nxh3 20. Rg3 Nf4 21. Rdg1 c5 22. Bd5 Nbxd5 23. exd5 Rad8 24. Rg5 f6 25. Rg7 Rg8 26. Rxg8+ Rxg8 27. Rxg8+ Kxg8 28. Ne4 Nxd5 29. Nxc5 b6 30. Ne4 Kf7 31. Kd2 f5 32. Nd6+ Ke6 33.
Nc8 a6 34. c4 Kd7 35. cxd5 Kxc8 36. Kd3 Kc7 37. b4 Kd6 38. f4 b5 39. fxe5+ Kxe5 40. Ke3 Kxd5 41. Kf4 Kc4 42. Kxf5 Kxb4 43. Kg5 Ka3 44.
Kxh5 Kxa2 45. Kg4 b4 46. h4 b3 47. h5 b2 48. h6 b1=Q 49. h7 Qh1 50. h8=Q Qxh8 0-1

[Event "*** Titled Tuesday Blitz"]
[Site "Chess.com"]
[Date "2020.12.29"]
[Round "6"]
[White "DarZay"]
[Black "Kale36"]
[Result "0-1"]
[WhiteElo "2099"]
[BlackElo "2273"]
[TimeControl "180+1"]
[EndTime "11:06:41 PST"]
[Termination "Kale36 won on time"]

1. e4 Nc6 2. d4 d5 3. e5 f6 4. Nf3 Bg4 5. Bb5 fxe5 6. Bxc6+ bxc6 7. dxe5 e6 8. h4 Bc5 9. Bg5 Ne7 10. Qd2 Bxf3 11. gxf3 O-O 12. Rg1 Rxf3 13. Rg2 Qf8 14. Bf6 Ng6 15. h5 gxf6 16. hxg6 fxe5 17. gxh7+ Kxh7 18. Qg5 Bxf2+ 19. Kd1 Qh6 20. Qxh6+ Kxh6 21. Nd2 Rf4 22.
Ke2 Raf8 23. Nf3 Kh5 24. Rh1+ Bh4 25. Rg5+ Kh6 26. Rg3 Kh5 27. Rgh3 Rxf3 28. Rxf3 Rxf3 29. Kxf3 Kg5 30. Rg1+ Kf5 31. Rg7 e4+ 32. Ke2 Ke5 33. Rxc7 Kd6 34. Rxa7 c5 35. Rb7 d4 36. Rb6+ Kd5 37.
a4 c4 38. Rb5+ Kc6 39. Re5 d3+ 40. cxd3 exd3+ 41. Kd1 Kd6 42. Re4 Kd5 43. Rxh4 e5 44.
a5 e4 0-1

[Event "*** Titled Tuesday Blitz"]
[Site "Chess.com"]
[Date "2020.12.29"]
[Round "6"]
[White "2nd_life"]
[Black "FGHSMN"]
[Result "1/2-1/2"]
[WhiteElo "2486"]
[BlackElo "2642"]
[TimeControl "180+1"]
[EndTime "11:06:42 PST"]
[Termination "Game drawn by agreement"]

1. e4 c5 2. Nf3 e6 3. c3 d5 4. exd5 Qxd5 5. d4 Nf6 6. Be3 Nc6 7. Bd3 Be7 8. O-O O-O 9. h3 Rd8 10. Qe2 b6 11. Rd1 cxd4 12. cxd4 Bb7 13. Nc3 Qh5 14.
a3 Na5 15. Ne5 Qxe2 16. Bxe2 Nb3 17. Rab1 Rac8 18. Bc4 Na5 19. Ba2 Bd6 20. Rbc1 Nc6 21. f4 Bb8 22. g4 Ne7 23. Kf2 Nfd5 24. Nxd5 Nxd5 25. Rxc8 Rxc8 26. Rc1 Rxc1 27. Bxc1 f6 28. Nd3 Kf7 29. Nb4 Nxf4 30. Bxf4 Bxf4 31. d5 exd5 32. Nxd5 Bxd5 33. Bxd5+ Ke7 34. b3 Kd6 35. Bg8 h6 36. a4 Kc5 37. Kf3 Be5 38. Bf7 Kd4 39. Bg8 a6 40. Bf7 Kc3 41. Bg8 g5 42. Bf7 Kd2 43.
Be6 Ke1 44. Kg2 Ke2 45. Bc8 Ke3 46. Bxa6 Bd6 47. Bc4 Kf4 48. Bf7 f5 49. gxf5 Kxf5 50. Be8 Kf4 51. Bd7 h5 52. Be8 h4 53. Bd7 Ke3 54. Bc8 Kd4 55. Kf3 Kc3 56. Be6 Kb4 57. Kg4 Bf4 58. Bf7 Bd2 59. Bg8 Bf4 1/2-1/2

[Event "*** Titled Tuesday Blitz"]
[Site "Chess.com"]
[Date "2020.12.29"]
[Round "6"]
[White "BabyBoss31"]
[Black "Kopytkin"]
[Result "0-1"]
[WhiteElo "2206"]
[BlackElo "2376"]
[TimeControl "180+1"]
[EndTime "11:06:42 PST"]
[Termination "Kopytkin won by resignation"]

1. e4 Nf6 2. e5 Nd5 3. d4 d6 4. Nf3 g6 5. Bc4 Nb6 6. Bb3 d5 7. O-O Bg7 8. c3 Nc6 9. Re1 O-O 10. Nbd2 Bg4 11. h3 Bxf3 12. Nxf3 f6 13. exf6 exf6 14.
Bf4 Qd7 15. Qd2 Na5 16. Re2 Nac4 17. Qc2 Rfe8 18. Rae1 Rxe2 19. Rxe2 Nd6 20. Bxd6 Qxd6 21.
Qe4 Kf7 22. Qh4 c6 23. Bc2 Rh8 24. Nd2 Nc8 25. Nb3 b6 26. Qg4 f5 27. Qf3 Re8 28.
g4 Rxe2 29. Qxe2 fxg4 30. hxg4 Qf6 31. Nd2 Nd6 32. Nf3 Qf4 33. Ne5+ Bxe5 34. dxe5 Ne4 35.
f3 Qg3+ 36. Kf1 Qh3+ 37. Ke1 Qh1+ 38. Qf1 Qxf1+ 39. Kxf1 Nd2+ 40. Ke2 Nc4 41. f4 Nxb2 42. Bb3 Ke6 43. Kd2 g5 44. fxg5 Kxe5 45. Bc2 Nc4+ 46.
Ke2 Ke6 47. Bxh7 Nd6 48. Bd3 c5 49. Ba6 b5 50. Kd3 Ke5 51. g6 Kf6 52. a4 bxa4 53.
Kc2 Kxg6 54. Kb2 Kg5 55. Ka3 Kxg4 56. Kxa4 Kf4 57. Bf1 Ke3 58. Ka5 d4 59. cxd4 cxd4 60. Ka6 Nc8 61. Kb7 d3 62. Kxc8 d2 63. Kb7 d1=Q 64.
Kxa7 Qxf1 0-1

[Event "*** Titled Tuesday Blitz"]
[Site "Chess.com"]
[Date "2020.12.29"]
[Round "6"]
[White "rychessmaster1"]
[Black "JoachimMouhamad"]
[Result "1/2-1/2"]
[WhiteElo "2569"]
[BlackElo "2371"]
[TimeControl "180+1"]
[EndTime "11:06:43 PST"]
[Termination "Game drawn - insufficient material"]

1. d4 Nf6 2. Nc3 d5 3. Bf4 c5 4.
e3 cxd4 5. exd4 a6 6. Bd3 Nc6 7. Nge2 Bg4 8. f3 Bh5 9. g4 Bg6 10. h4 Bxd3 11. Qxd3 e6 12. h5 Bd6 13. O-O-O Qc7 14.
Bxd6 Qxd6 15. Qe3 O-O-O 16. Rhe1 Kb8 17. Nf4 Rc8 18. Nd3 Nd7 19. f4 Nb6 20. Ne5 Qc7 21.
Kb1 Na5 22. Rc1 Nac4 23. Qd3 Rhe8 24. Ne2 f6 25. Nxc4 dxc4 26. Qxh7 Nd5 27. Qe4 c3 28. Nxc3 Nxc3+ 29. bxc3 Qxc3 30. Re3 Qc4 31. Rb3 Qd5 32.
Qxd5 exd5 33. g5 Re4 34. gxf6 gxf6 35. Rg1 Rc7 36. h6 Rxf4 37. Rg7 Rxg7 38. hxg7 Rg4 39. Rf3 Rxg7 40. Rf5 Rf7 41. Rxd5 f5 42. Kc1 Kc7 43. Kd2 Kc6 44. Re5 f4 45. Ke2 b5 46. Kf3 Rh7 47. Re2 Rh4 48. Re6+ Kd5 49. Rxa6 Kxd4 50. Rb6 Kc4 51.
Rc6+ Kb4 52. Rb6 Rh2 53. a3+ Kc4 54. Rc6+ Kd5 55. Rf6 Rxc2 56. Rxf4 Rc3+ 57. Ke2 Rxa3 58. Kd2 Ra4 59. Rxa4 bxa4 60. Kc3 a3 61. Kb3 a2 62. Kxa2 1/2-1/2

[Event "*** Titled Tuesday Blitz"]
[Site "Chess.com"]
[Date "2020.12.29"]
[Round "6"]
[White "Everyfishknows"]
[Black "chessmachine14"]
[Result "1-0"]
[WhiteElo "2405"]
[BlackElo "2238"]
[TimeControl "180+1"]
[EndTime "11:06:43 PST"]
[Termination "Everyfishknows won by checkmate"]

1. d4 Nf6 2. c4 g6 3. Nc3 Bg7 4. e4 O-O 5. Nf3 d6 6. Be2 e5 7. O-O Nc6 8. Be3 exd4 9. Nxd4 Re8 10. f3 Bd7 11. Qd2 a6 12. Rac1 Rb8 13. Rfd1 Nxd4 14.
Bxd4 b5 15. Nd5 bxc4 16. Bxc4 Nxd5 17. Bxd5 Be6 18. Bxe6 Rxe6 19. Bxg7 Kxg7 20. b3 Rb7 21. Qd5 Qb8 22. Qd4+ Kg8 23. Rc6 Rb4 24. Qc3 Qa7+ 25. Kf1 Rb7 26. Rc1 h5 27. Rxc7 Rxc7 28. Qxc7 Qe3 29.
Qc8+ Kg7 30. Qc3+ Qxc3 31. Rxc3 Re5 32. Rd3 Ra5 33. a4 Kf6 34. Rxd6+ Ke5 35. Rc6 Kd4 36.
Ke2 Rg5 37. g3 h4 38. g4 h3 39. Rxa6 Rc5 40. Rd6+ Kc3 41. Rd3+ Kb4 42. Ke3 Rc2 43. Rd2 Rc3+ 44. Kf4 Rxb3 45. Rd4+ Kc5 46. Rd7 Ra3 47. Rxf7 Rxa4 48. Rf6 g5+ 49. Kxg5 Ra2 50.
Kf4 Rxh2 51. Rh6 Rh1 52. Kg3 Kd4 53. Rxh3 Rg1+ 54. Kf4 Ra1 55. Rh5 Ra8 56. Rd5+ Kc4 57.
Rd1 Rf8+ 58. Ke3 Kc5 59. f4 Kc6 60. e5 Kc7 61. Ke4 Rh8 62. g5 Rh2 63. Kf5 Re2 64. e6 Rg2 65. Kf6 Re2 66. f5 Re3 67. g6 Re2 68. g7 Rg2 69. Kf7 Re2 70. f6 Re4 71. e7 Rg4 72. Rd7+ Kc6 73. Rc7+ Kxc7 74. e8=Q Rc4 75.
Qe7+ Kc6 76. Qe6+ Kc5 77. Qxc4+ Kxc4 78. g8=Q Kd4 79. Qe8 Kc3 80. Qe4 Kb2 81. Ke6 Kc1 82. f7 Kd1 83. Qg2 Kc1 84. f8=Q Kb1 85. Qff1# 1-0